 Dungeon Crawl Stone Soup version 0.24-a0-25-g8489be9 (webtiles) character file.

Game seed: 10181847571504104737

29 DekuTree the Shield-Bearer (level 3, -3/23 HPs)
             Began as a Gargoyle Fighter on Feb 1, 2019.
             Slain by Sigmund
             ... wielding a +0 scythe
              (6 damage)
             ... on level 2 of the Dungeon.
             The game lasted 00:01:00 (609 turns).

DekuTree the Shield-Bearer (Gargoyle Fighter)        Turns: 609, Time: 00:01:01

Health: -3/23      AC:  0    Str: 20    XL:     3   Next: 16%
Magic:  3/3        EV: 13    Int:  8    God:
Gold:   57         SH:  0    Dex:  9    Spells: 2/2 levels left

rFire    . . .     SeeInvis .   (weapon currently unavailable)
rCold    . . .     Gourm    .   (shield currently unavailable)
rNeg     + . .     Faith    .   (armour currently unavailable)
rPois    ∞         Spirit   .   (helmet currently unavailable)
rElec    .         Reflect  .   (cloak currently unavailable)
rCorr    .         Harm     .   (gloves currently unavailable)
MR       .....                  (boots currently unavailable)
Stlth    +.........             (no amulet)
HPRegen  0.07/turn              (ring currently unavailable)
MPRegen  0.08/turn              (ring currently unavailable)

@: pig-form (expiring), hasted and slowed, very quick
A: small, negative energy resistance 1, petrification resistance, rot immunity,
AC +3
a: no special abilities


You were on level 2 of the Dungeon.
You were not hungry.
You were a filthy swine.
You visited 1 branch of the dungeon, and saw 2 of its levels.

You collected 57 gold pieces.

Inventory:

Hand Weapons
 a - a +0 war axe (melded)
Armour
 c - a +0 shield (melded)
 k - a +0 chain mail (melded)
Scrolls
 b - a scroll of identify {unknown}
 e - a scroll of teleportation {unknown}
 g - a scroll of magic mapping {unknown}
 h - a scroll of remove curse {unknown}
Potions
 d - a potion of might
 j - a potion of mutation {unknown}
Comestibles
 f - 2 rations


   Skills:
 + Level 3.6 Fighting
 + Level 2.2 Axes
 + Level 3.6 Armour
 + Level 3.7 Shields


You had 2 spell levels left.
You didn't know any spells.
Your spell library was empty.

Dungeon Overview and Level Annotations

Branches:
Dungeon (2/15)

Altars:

Annotations:
D:2 Natasha, Sigmund


Innate Abilities, Weirdness & Mutations

You are resistant to torment.
((Your stone body is resilient. (AC +3)))
You are immune to poison.
You resist negative energy. (rN+)
((You are resistant to electric shocks. (rElec)))
((You can survive without breathing.))
You are immune to petrification.
You are immune to rotting.


Message History

Sigmund hits you from afar with a +0 scythe!
* * * LOW HITPOINT WARNING * * *
Natasha claws you.
* * * LOW HITPOINT WARNING * * *
Natasha mumbles some strange words.
Your transformation is almost over.
Natasha howls an incantation.
Natasha shimmers violently.
You see here a bat corpse.
Sigmund gestures wildly while chanting.
Sigmund flickers and vanishes!
Deactivating autopickup; reactivate with Ctrl-A.
Natasha mumbles some strange words.
You feel troubled.
Natasha mumbles some strange words.
It was a potion of haste.
You feel yourself speed up.
Natasha howls an incantation.
Natasha glows brightly for a moment.
Something hits you.
You die...

#.#.# #.#.# #.#.# #####
### #.%.# ....### #(.
#).# #.....# #.# #..#
#.###.### #.# #..#
...)....# #.########.5#
#.)#>.#.# #.#...h†.5h.#
#.###...# #.#.######..#
#..#....###...([......#
##..)#................#
.........####.####.##.#
######.### #.# .# .#
#.# #.# #. .# #.# #)#
.# #.# #..


You could see an iron imp, Natasha and a crimson imp.

Vanquished Creatures
  An ooze (D:2)
  A dart slug (D:1)
  A leopard gecko (D:1)
  5 hobgoblins
  3 kobolds
  A quokka (D:2)
  2 bats
  A frilled lizard (D:1)
  4 goblins
  2 rats (D:1)
21 creatures vanquished.

Notes
Turn   | Place    | Note
-------+----------+-------------------------------------------
     0 | D:1      | DekuTree the Gargoyle Fighter began the quest for the Orb.
     0 | D:1      | Reached XP level 1. HP: 14/14 MP: 1/1
   104 | D:1      | Reached XP level 2. HP: 18/19 MP: 2/2
   554 | D:2      | Reached XP level 3. HP: 21/23 MP: 3/3
   592 | D:2      | Noticed Natasha
   595 | D:2      | Noticed Sigmund
   609 | D:2      | Slain by Sigmund

Vault maps used:
D:1:      psy_arrival_dodecagon
D:2:      uniq_sigmund, uniq_natasha

Skill      XL: |  1 |
---------------+----+-----
Axes           | 2 |  2.2
Fighting       | |  3.6
Armour         | |  3.6
Shields        | |  3.7

Action                   || total
-------------------------++-------
Melee: War axe           ||    87
       Unarmed           ||     5
  Use: Potion            ||     1
Armor: Scale mail        ||    36
       Chain mail        ||    22
Dodge: Dodged            ||    30
Block: Shield            ||    45

Table legend:
 A = Non-vault XP
 B = Vault XP
 C = Vault XP percentage of total XP
 D = Non-vault monster count
 E = Vault monster count
 F = Vault count percentage of total count
                 A         B        C        D         E       F
            +---------+---------+-------+---------+---------+-------
      Total |      42 |       0 |   0.0 |      21 |       0 |   0.0
            +---------+---------+-------+---------+---------+-------
        D:1 |      22 |       0 |   0.0 |      12 |       0 |   0.0
        D:2 |      20 |       0 |   0.0 |       9 |       0 |   0.0
            +---------+---------+-------+---------+---------+-------
